 Dungeon Crawl Stone Soup version 0.29.1-1-gd02db6906a (webtiles) character file.

Game seed: 5114392519756228840

5 EvilAshe the Grave Robber (level 1, -4/13 HPs)
             Began as a Human Necromancer on Sept 22, 2022.
             Frozen to death by an endoplasm (5 damage)
             ... on level 1 of the Dungeon.
             The game lasted 00:00:47 (313 turns).

EvilAshe the Grave Robber (Human Necromancer)        Turns: 313, Time: 00:00:48

Health: -4/13      AC:  2    Str:  8    XL:     1   Next: 88%
Magic:  2/3        EV: 12    Int: 15    God:
Gold:   3          SH:  0    Dex: 13    Spells: 3/4 levels left

rFire   . . .      SeeInvis .   (no weapon)
rCold   . . .      Faith    .   (no shield)
rNeg    . . .      Spirit   .   a - +0 robe
rPois   .          Reflect  .   (no helmet)
rElec   .          Harm     .   (no cloak)
rCorr   .          Rampage  .   (no gloves)
Will    .....                   (no boots)
Stlth   ++........              (no amulet)
HPRegen 0.04/turn               (no ring)
MPRegen 0.08/turn               (no ring)

@: no status effects
A: no striking features
a: no special abilities


You were on level 1 of the Dungeon.
You visited 1 branch of the dungeon, and saw 1 of its levels.

You collected 3 gold pieces.

Inventory:

Armour
 a - a +0 robe (worn)
Jewellery
 e - a +6 ring of dexterity
Potions
 c - a potion of heal wounds {unknown}
 d - a potion of haste {unknown}


   Skills:
 - Level 2.0 Dodging
 - Level 2.0 Stealth
 + Level 2.1 Spellcasting
 * Level 4.2 Necromancy


You had 3 spell levels left.
You knew the following spells:

 Your Spells              Type           Power      Damage    Failure   Level
a - Necrotise             Necr           56%        1d6       3%          1

Your spell library contained the following spells:

 Spells                   Type           Power      Damage    Failure   Level
 Vampiric Draining        Necr           14%        2d7       12%         3
 Confusing Touch          Hex            1%         N/A       54%         3
 Animate Dead             Necr           14%        N/A       36%         4
 Agony                    Necr           14%        N/A       71%         5
 Yara's Violent Unravell  Hex/Tmut       0%         3d3       99%         5
 Enfeeble                 Hex            0%         N/A       100%        7


Dungeon Overview and Level Annotations

Branches:
Dungeon (1/15)

Altars:


Message History

Press: ? - help, Shift-Dir - straight line, f - goblin
Aim: a goblin, wielding a +0 club (asleep, chance to affect: 83%)
The goblin shouts!
The goblin writhes in agony.
The kobold shouts!
The endoplasm quivers.
The kobold throws a stone.
The stone barely misses you.
Casting: Necrotise (safe; 4% risk of failure)
Confirm with . or Enter, or press ? or * to list all spells.
Aiming: Necrotise (safe; 4% risk of failure)
Press: ? - help, Shift-Dir - straight line, f/p - goblin
Aim: a goblin, wielding a +0 club (heavily wounded, chance to affect: 83%)
The goblin writhes in agony.
You kill the goblin!
The dead are walking!
The kobold throws a stone.
The stone closely misses you.
Casting: Necrotise (safe; 4% risk of failure)
Confirm with . or Enter, or press ? or * to list all spells.
Aiming: Necrotise (safe; 4% risk of failure)
Press: ? - help, Shift-Dir - straight line, f - rat
Aim: a rat (ally target, chance to affect: 84%)
The rat writhes in agony.
You kill the rat!
The dead are walking!
The kobold throws a stone.
The stone barely misses you.
Found a robe.
Your goblin skeleton hits the endoplasm.
Casting: Necrotise (safe; 3% risk of failure)
Confirm with . or Enter, or press ? or * to list all spells.
You don't have enough magic to cast this spell.
Unknown command.
Magic courses through your body.
Your goblin skeleton hits the endoplasm.
Casting: Necrotise (safe; 3% risk of failure)
Confirm with . or Enter, or press ? or * to list all spells.
Aiming: Necrotise (safe; 3% risk of failure)
Press: ? - help, Shift-Dir - straight line, f - kobold
Aim: a kobold, wielding a +0 dagger and quivering stones (chance to affect: 84%)
The kobold writhes in agony.
The endoplasm freezes you.
You are frozen.
You die...

#######
##.....#..
#.@K......
#..JZ......
#..........
#..Z.......
#..........
#..........
##........[
##.$...#..


You could see an endoplasm (ally target), a kobold, a friendly rat skeleton and
a friendly goblin skeleton.

Vanquished Creatures
  A giant cockroach (D:1)
  A goblin (D:1)
  2 bats (D:1)
  A rat (D:1)
5 creatures vanquished.

Notes
Turn   | Place    | Note
-------+----------+-------------------------------------------
     0 | D:1      | EvilAshe the Human Necromancer began the quest for the Orb.
     0 | D:1      | Reached XP level 1. HP: 13/13 MP: 3/3
   122 | D:1      | Found a faded altar of an unknown god.
   313 | D:1      | Frozen to death by an endoplasm

Illustrated notes

Levels and vault maps discovered:
D:1:      dpeg_arrival_chambers_temple_mockup, layout_rooms,
          shapermc_ecumenical_altar_totnotflames, hangedman_decor_points

Action                   || total
-------------------------++-------
Melee: Unarmed           ||    10
 Cast: Necrotise         ||     9
  Use: Potion            ||     1
Armor: Robe              ||     3
Dodge: Dodged            ||     7
